 Dungeon Crawl Stone Soup version 0.25-b1-46-gb8a1ec0 (webtiles) character file.

Game seed: 4603865637714998266

67 happyhex the Grasshopper (level 4, 0/42 HPs)
             Began as a Gargoyle Warper on June 10, 2020.
             Slain by a sky beast (2 damage)
             ... on level 3 of the Dungeon.
             The game lasted 00:06:21 (2526 turns).

happyhex the Grasshopper (Gargoyle Warper)          Turns: 2526, Time: 00:06:22

Health: 0/42       AC: 22    Str: 15    XL:     4   Next: 16%
Magic:  7/7        EV:  2    Int: 14    God:
Gold:   116        SH:  0    Dex:  9    Spells: 5/7 levels left

rFire    . . .     SeeInvis .   k - +0 dagger
rCold    . . .     Gourm    .   (no shield)
rNeg     + + +     Faith    .   (armour currently unavailable)
rPois    ∞         Spirit   .   (helmet currently unavailable)
rElec    .         Reflect  .   (cloak currently unavailable)
rCorr    .         Harm     .   (gloves currently unavailable)
MR       .....     NoTele   +   (boots currently unavailable)
Stlth    +.........             (no amulet)
HPRegen  0.14/turn              (no ring)
MPRegen  0.10/turn              (no ring)

@: tree-form
A: negative energy resistance 1, petrification resistance, rot immunity, AC +3
a: no special abilities


You were on level 3 of the Dungeon.
You were not hungry.
You were a tree.
You visited 1 branch of the dungeon, and saw 3 of its levels.

You collected 116 gold pieces.

Inventory:

Hand Weapons
 a - a +0 short sword
 k - a +0 dagger (weapon)
Missiles
 e - 5 boomerangs of dispersal (quivered)
Armour
 b - a +0 leather armour (melded)
Scrolls
 d - a scroll of blinking
 g - a scroll of enchant weapon {unknown}
 h - a scroll of identify
 j - a scroll of remove curse {unknown}
 l - 2 scrolls of teleportation {unknown}
Potions
 i - a potion of lignification
Comestibles
 c - a chunk of flesh
 f - 9 rations


   Skills:
 + Level 3.0 Fighting
 + Level 2.4 Short Blades
 - Level 0.8 Throwing
 - Level 1.3 Armour
 - Level 1.8 Dodging
 + Level 0.6 Stealth
 + Level 2.3 Spellcasting
 + Level 3.0 Translocations


You had 5 spell levels left.
You knew the following spells:

 Your Spells              Type           Power        Failure   Level  Hunger
a - Blink                 Tloc           N/A          10%         2    ###....

Your spell library contained the following spells:

 Spells                   Type           Power        Failure   Level  Hunger
 Shroud of Golubria       Chrm/Tloc      #.....       19%         2    ###....
 Gell's Gravitas          Tloc           ##........   19%         3    ###....
 Lesser Beckoning         Tloc           ##........   19%         3    ###....
 Teleport Other           Tloc           ##......     19%         3    ###....
 Passage of Golubria      Tloc           N/A          54%         4    #####..


Dungeon Overview and Level Annotations

Branches:
Dungeon (3/15)

Altars:


Innate Abilities, Weirdness & Mutations

You are resistant to torment.
((Your stone body is resilient. (AC +3)))
You are immune to poison.
You resist negative energy. (rN+)
((You are resistant to electric shocks. (rElec)))
((You can survive without breathing.))
You are immune to petrification.
You are immune to rotting.


Message History

You hit the sky beast but do no damage.
The sky beast is lightly wounded.
The sky beast flickers out of sight!
Deactivating autopickup; reactivate with Ctrl-A.
Something hits you.
* * * LOW HITPOINT WARNING * * *
Something shocks you.
* * * LOW HITPOINT WARNING * * *
You miss something.
A sky beast appears from thin air!
Reactivating autopickup.
The sky beast hits you but does no damage.
You hit the sky beast.
The sky beast is moderately wounded.
The sky beast hits you but does no damage.
You hit the sky beast.
The sky beast is moderately wounded.
The sky beast flickers out of sight!
Deactivating autopickup; reactivate with Ctrl-A.
Something hits you.
You die...

###.....#
#...<.# #.....#
#####.# #.#
######## #.#
#......#
#.#####.####.#
#{#.....# #.#
#♣#.##### #.#
#.#.########.##
#..........<..#
###.###########
#.# #.# #.# #.#
#.#


There were no monsters in sight!

Vanquished Creatures
  An adder (D:2)
  An ooze (D:1)
  A dart slug (D:1)
  A leopard gecko (D:1)
  A ball python (D:1)
  3 bats
  4 giant cockroaches
  5 goblins
  6 hobgoblins
  3 jackals (D:1)
  5 frilled lizards (D:1)
  9 kobolds
  5 rats
45 creatures vanquished.

Notes
Turn   | Place    | Note
-------+----------+-------------------------------------------
     0 | D:1      | happyhex the Gargoyle Warper began the quest for the Orb.
     0 | D:1      | Reached XP level 1. HP: 12/12 MP: 3/3
   178 | D:1      | Reached XP level 2. HP: 10/18 MP: 5/5
   303 | D:1      | Learned a level 2 spell: Blink
   781 | D:1      | Reached XP level 3. HP: 20/22 MP: 6/6
  1803 | D:2      | Reached XP level 4. HP: 27/28 MP: 7/7
  2480 | D:3      | Noticed a sky beast
  2523 | D:3      | HP: 1/42 [something (6)]
  2526 | D:3      | Slain by a sky beast

Illustrated notes

Levels and vault maps discovered:
D:1:      dpeg_arrival_short_road, layout_loops_ring
D:2:      layout_basic, first_ration
D:3:      layout_basic, uniq_natasha

Skill      XL: |  1  2  3 |
---------------+----------+-----
Short Blades   | 2 |  2.4
Translocations | 3 |  3.0
Fighting       | 3 |  3.0
Throwing       | |  0.8
Armour         | |  1.3
Dodging        | |  1.8
Stealth        | |  0.6
Spellcasting   | |  2.3

Action                   |  1- 3 |  4- 6 || total
-------------------------+-------+-------++-------
Melee: Short sword       |    77 |       ||    77
       Dagger            |    90 |    92 ||   182
  Use: Scroll            |       |     1 ||     1
       Potion            |       |     1 ||     1
 Stab: Sleeping          |       |     1 ||     1
  Eat: Chunk             |     3 |     2 ||     5
Armor: Leather armour    |    57 |    39 ||    96
       Skin              |       |    11 ||    11
Dodge: Dodged            |   101 |    41 ||   142
